 Dungeon Crawl Stone Soup version 0.30-a0-509-gd016549fea (webtiles) character file.

Game seed: 2571435056191705871

12786 shadizar the Cleaver (level 11, -3/102 HPs)
             Began as a Minotaur Fighter on Dec 22, 2022.
             Was the Champion of Okawaru.
             Slain by a four-headed hydra (6 damage)
             ... while petrified by a catoblepas
             ... on level 1 of the Lair of Beasts on Mar 17, 2023.
             The game lasted 00:20:34 (10785 turns).

shadizar the Cleaver (Minotaur Fighter)            Turns: 10785, Time: 00:20:35

Health: -3/102     AC: 15    Str: 28    XL:     11   Next: 67%
Magic:  8/10       EV:  2    Int:  5    God:    Okawaru [******]
Gold:   559        SH:  0    Dex: 13    Spells: 10/10 levels left

rFire   . . .      SeeInvis .    F - +2 war axe (flame)
rCold   . . .      Faith    +    c - +0 buckler
rNeg    + + +      Spirit   .    H - +1 ring mail "Icoil" {Str+3 Dex-3 Slay+2}
rPois   ∞          Reflect  .    P - +0 hat {Will+}
rElec   .          Harm     .    (no cloak)
rCorr   +          Rampage  ∞    J - +0 pair of gloves
Will    +....                    b - +3 pair of seven-league boots {Rampage+∞}
Stlth   +++.......               O - amulet of faith
HPRegen 0.37/turn                g - +6 ring of dexterity
MPRegen 0.12/turn                G - ring of resist corrosion

@: petrified, heroic
A: horns 2, retaliatory headbutt
a: Renounce Religion, Heroism, Finesse, Duel


You were on level 1 of the Lair of Beasts.
You worshipped Okawaru.
Okawaru was exalted by your worship.
You visited 2 branches of the dungeon, and saw 11 of its levels.

You collected 559 gold pieces.

Inventory:

Hand Weapons
 a - a +2 dire flail of draining
 i - a +6 spear of flaming
 y - a +2 flail of freezing
 F - a +2 war axe of flaming (weapon)
 U - the +9 flail "shadizar's Foe" {freeze, +Blink}
   (You found it on level 9 of the Dungeon)

   It freezes those it strikes, dealing additional cold damage.
   It can also slow down cold-blooded creatures.
   +Blink:    It lets you blink.
Missiles
 u - a throwing net (quivered)
 L - 2 atropa-tipped darts
Armour
 b - the +3 pair of seven-league boots (worn) {Rampage+∞}
   (You acquired it on level 7 of the Dungeon)

   Its wearer moves as far as possible in that direction when moving towards
   enemies.
 c - a +0 buckler (worn)
 l - an orb of light
 H - the +1 ring mail "Icoil" (worn) {Str+3 Dex-3 Slay+2}
   (You found it on level 6 of the Dungeon)

   Str:       It affects your strength (+3).
   Dex:       It affects your dexterity (-3).
   Slay:      It affects your accuracy & damage with ranged weapons and melee
   (+2).
 J - a +0 pair of gloves (worn)
 N - a +0 plate armour
 P - a +0 hat of willpower (worn)
 R - the +2 pair of boots of Oblivion {rElec Str+2}
   (Okawaru gifted it to you on level 8 of the Dungeon)

   Str:       It affects your strength (+2).
   rElec:     It insulates you from electricity.
Jewellery
 g - a +6 ring of dexterity (left hand)
 G - a ring of resist corrosion (right hand)
 O - an amulet of faith (around neck)
Wands
 t - a wand of acid (7)
 v - a wand of digging (14)
 B - a wand of iceblast (4)
 D - a wand of charming (12)
 M - a wand of mindburst (19)
 S - a wand of flame (16)
Scrolls
 f - 3 scrolls of teleportation
 j - 4 scrolls of identify
 m - 3 scrolls of noise
 p - 5 scrolls of enchant armour
 q - a scroll of amnesia
 s - 2 scrolls of fog
 w - a scroll of fear
 x - 5 scrolls of magic mapping
 K - a scroll of brand weapon
Potions
 d - 4 potions of might
 e - 3 potions of attraction
 h - 9 potions of curing
 k - 3 potions of flight
 n - 4 potions of resistance
 o - a potion of mutation
 r - 2 potions of magic
 z - a potion of cancellation {unknown}
 A - a potion of degeneration {unknown}
 C - 3 potions of ambrosia
 I - 2 potions of berserk rage
 Q - a potion of heal wounds {unknown}
 T - a potion of haste {unknown}


   Skills:
 * Level 11.0(16.0) Fighting
 + Level 13.4(18.4) Axes
 + Level 10.3(15.3) Armour
 + Level 7.2(12.2) Dodging
 - Level 1.5(6.5) Stealth
 + Level 8.9(13.9) Shields
 - Level 0.4 Invocations


You had 10 spell levels left.
You didn't know any spells.
Your spell library contained the following spells:

 Spells                   Type           Power      Damage    Failure   Level
 Beastly Appendage        Tmut           0%         N/A       63%         1
 Cigotuvi's Dreadful Rot  Necr/Pois/Air  0%         N/A       77%         2
 Poisonous Vapours        Pois/Air       0%         N/A       77%         2
 Scorch                   Fire           0%         2d5       77%         2
 Wereblood                Tmut           0%         N/A       77%         2
 Dazzling Flash           Conj/Hex       0%         N/A       94%         3
 Frozen Ramparts          Ice            0%         1d1       94%         3
 Ignite Poison            Fire/Tmut/Pois 0%         N/A       94%         3
 Kindle Blastsparks       Fire/Tloc/Air  0%         2d10      94%         3
 Mephitic Cloud           Conj/Pois/Air  0%         N/A       94%         3
 Spider Form              Tmut/Pois      0%         N/A       94%         3
 Flame Wave               Conj/Fire      0%         2d4       100%        4
 Ice Form                 Ice/Tmut       0%         N/A       100%        4
 Manifold Assault         Tloc           0%         N/A       100%        4
 Passage of Golubria      Tloc           0%         N/A       100%        4
 Agony                    Necr           0%         N/A       100%        5
 Freezing Cloud           Conj/Ice/Air   0%         6-21      100%        5
 Silence                  Hex/Air        0%         N/A       100%        5
 Yara's Violent Unravell  Hex/Tmut       0%         3d3       100%        5
 Dispersal                Tloc           0%         N/A       100%        6
 Orb of Destruction       Conj           0%         9d5       100%        7
 Disjunction              Tloc           0%         N/A       100%        8
 Summon Guardian Golem    Hex/Summ       Unusable   N/A       N/A         3
 Tukima's Dance           Hex            Unusable   N/A       N/A         3
 Summon Ice Beast         Ice/Summ       Unusable   N/A       N/A         4
 Summon Cactus Giant      Summ           Unusable   N/A       N/A         6
 Spellforged Servitor     Conj/Summ      Unusable   N/A       N/A         7

Dungeon Overview and Level Annotations

Branches:
Dungeon (10/15)            Temple (0/1) D:4            Lair (1/5) D:8
    Orc: D:9-12

Altars:
Cheibriados
Hepliaklqana
Nemelex Xobeh
Okawaru
Trog
Vehumet
Wu Jian
Xom

Shops:
D:2 ***   D:7 (   D:8 =

Portals:
Trove: D:10 (give +6 demon trident)


Innate Abilities, Weirdness & Mutations

You have a pair of horns on your head.
You reflexively headbutt those who attack you in melee.


Message History

The four-headed hydra is engulfed in calcifying dust.
The four-headed hydra stops moving altogether!
The catoblepas gores you!!
The four-headed hydra is engulfed in calcifying dust.
The four-headed hydra is moving more slowly.
The four-headed hydra is engulfed in calcifying dust.
You have turned to stone.
You are engulfed in calcifying dust.
The catoblepas gores you!!
You are engulfed in calcifying dust.
The four-headed hydra barely misses you.
The four-headed hydra bites you. The four-headed hydra bites you!
The four-headed hydra bites you but does no damage.
The catoblepas gores you!
* * * LOW HITPOINT WARNING * * *
You are engulfed in calcifying dust.
The four-headed hydra bites you but does no damage.
The four-headed hydra bites you!
* * * LOW HITPOINT WARNING * * *
The four-headed hydra bites you. x2
* * * LOW HITPOINT WARNING * * *
The catoblepas gores you!
* * * LOW HITPOINT WARNING * * *
The four-headed hydra bites you.
* * * LOW HITPOINT WARNING * * *
The four-headed hydra bites you but does no damage. x2
The four-headed hydra bites you.
* * * LOW HITPOINT WARNING * * *
The catoblepas gores you!
* * * LOW HITPOINT WARNING * * *
The four-headed hydra bites you but does no damage.
The four-headed hydra bites you!
* * * LOW HITPOINT WARNING * * *
The four-headed hydra barely misses you.
The four-headed hydra completely misses you.
The catoblepas breathes a plume of calcifying dust at you.
The blast of calcifying dust hits you but does no damage.
You are engulfed in calcifying dust.
The four-headed hydra barely misses you.
The four-headed hydra bites you!
You die...

.....#......#.......P
.....#......#..~# ..#
.....#.........# .!#
............#..# ..#
.....#.........# #..#
............#$.##~..#
#.###P..........F..##
............#..DDY..#
............#...@#.#.#
...........###.### Y.
............#### $.#
...........#### #P#
..............##########.#
..........................
..........................
.....##.###..###..#P####..
?..).#### #### #..###


You could see a catoblepas, 2 four-headed hydras and a cane toad.

Vanquished Creatures
  The ghost of cheburek the Grappler, a novice TrGl of Wu Jian (D:9)
  A centaur warrior (D:8)
  Erica (D:10)
  3 two-headed ogres
  The ghost of emiel the Geomancer, a novice KoEE of Vehumet (D:8)
  A manticore (D:8)
  A black mamba (shapeshifter) (D:8)
  A cane toad (Lair:1)
  2 komodo dragons (D:8)
  A kobold demonologist (D:9)
  A polar bear (Lair:1)
  A meliai (D:9)
  A troll (D:10)
  A hornet (D:10)
  Prince Ribbit (D:7)
  2 shadows
  7 yaks
  2 basilisks (D:8)
  Edmund (D:6)
  4 water moccasins
  2 orc warriors
  2 ice beasts
  A swamp drake (D:8)
  4 centaurs
  6 kobold brigands
  5 bullfrogs
  3 necrophages
  2 scorpions (D:6)
  A gnoll sergeant (D:9)
  15 wights
  A killer bee (D:8)
  A howler monkey (D:8)
  2 hounds
  A jelly (D:5)
  A gnoll bouda (D:9)
  6 orc priests
  5 iguanas
  10 orc wizards
  12 gnolls
  9 adders
  2 white imps
  An ufetubus (D:7)
  3 worms
  3 dart slugs
  39 orcs
  4 bats
  7 endoplasms
  3 giant cockroaches
  3 goblins
  10 hobgoblins
  5 jackals
  31 kobolds
  2 quokkas
  9 ball pythons
  4 frilled lizards
  7 rats
256 creatures vanquished.

Vanquished Creatures (others)
  A yak (Lair:1)
  A plant (Lair:1)
2 creatures vanquished.

Grand Total: 258 creatures vanquished

Notes
Turn   | Place    | Note
-------+----------+-------------------------------------------
     0 | D:1      | shadizar the Minotaur Fighter began the quest for the Orb.
     0 | D:1      | Reached XP level 1. HP: 19/19 MP: 0/0
   201 | D:1      | Reached XP level 2. HP: 24/27 MP: 1/1
   870 | D:2      | Reached XP level 3. HP: 33/33 MP: 2/2
   905 | D:2      | Found Kofuczinoj's General Store.
   914 | D:2      | Reached skill level 3 in Axes
  1006 | D:2      | Found a hazy altar of Hepliaklqana.
  1300 | D:2      | Found Zati Jie's Assorted Antiques.
  1373 | D:2      | Found Opasuhac's Assorted Antiques.
  1391 | D:2      | Reached XP level 4. HP: 39/41 MP: 3/3
  1925 | D:3      | Reached skill level 4 in Axes
  2009 | D:3      | Found a bloodstained altar of Trog.
  2100 | D:3      | Reached XP level 5. HP: 47/47 MP: 4/4
  2154 | D:3      | Reached skill level 5 in Fighting
  2486 | D:4      | Reached skill level 1 in Dodging
  2666 | D:4      | Reached skill level 5 in Axes
  2708 | D:4      | Reached XP level 6. HP: 51/56 MP: 5/5
  2731 | D:4      | Found a staircase to the Ecumenical Temple.
  3575 | D:5      | Entered Level 5 of the Dungeon
  3649 | D:5      | Found a sparkling altar of Nemelex Xobeh.
  3694 | D:5      | Reached skill level 6 in Axes
  3759 | D:5      | Found an iron altar of Okawaru.
  3759 | D:5      | Found a radiant altar of Vehumet.
  3760 | D:5      | Found a shimmering altar of Xom.
  3873 | D:5      | Became a worshipper of Warmaster Okawaru
  4036 | D:5      | Reached XP level 7. HP: 61/62 MP: 6/6
  4202 | D:6      | Reached skill level 5 in Armour
  4256 | D:6      | Noticed Edmund
  4263 | D:6      | Reached * piety under Okawaru
  4264 | D:6      | Reached skill level 7 in Axes
  4272 | D:6      | Killed Edmund
  4278 | D:6      | Reached skill level 5 in Shields
  4492 | D:6      | Reached XP level 8. HP: 70/70 MP: 7/7
  4510 | D:6      | Identified the +1 ring mail "Icoil" {Str+3 Dex-3 Slay+2}
  4649 | D:6      | Reached skill level 8 in Axes
  5038 | D:7      | Reached ** piety under Okawaru
  5041 | D:7      | Reached skill level 9 in Axes
  5326 | D:7      | Noticed Prince Ribbit
  5334 | D:7      | Killed Prince Ribbit
  5469 | D:7      | Found Ciduzaez's Weapon Boutique.
  5773 | D:7      | Identified a scroll of acquirement
  5773 | D:7      | Acquired the +3 pair of seven-league boots {Rampage+∞}
  5773 | D:7      | Found the +3 pair of seven-league boots {Rampage+∞}
  5871 | D:8      | Found a runed translucent gate.
  5871 | D:8      | Found a runed translucent gate.
  5872 | D:8      | Found a runed translucent gate.
  5925 | D:8      | Reached skill level 1 in Stealth
  5972 | D:8      | Reached skill level 10 in Axes
  5972 | D:8      | Reached XP level 9. HP: 76/78 MP: 8/8
  6000 | D:8      | Reached *** piety under Okawaru
  6070 | D:8      | Noticed a two-headed ogre
  6083 | D:8      | Killed a two-headed ogre
  6083 | D:8      | Reached **** piety under Okawaru
  6084 | D:8      | Reached skill level 11 in Axes
  6437 | D:8      | Noticed emiel's ghost (novice KoEE)
  6460 | D:8      | Noticed a manticore
  6470 | D:8      | Killed a manticore
  6530 | D:8      | Noticed a komodo dragon
  6539 | D:8      | Killed a komodo dragon
  6576 | D:8      | Noticed a komodo dragon
  6583 | D:8      | Killed a komodo dragon
  6584 | D:8      | Reached XP level 10. HP: 53/88 MP: 9/9
  6697 | D:8      | Found a staircase to the Lair.
  6702 | D:8      | Reached skill level 12 in Axes
  6708 | D:8      | Reached ***** piety under Okawaru
  7050 | D:8      | Found Buchuet's Jewellery Boutique.
  7238 | D:8      | Noticed a two-headed ogre
  7243 | D:8      | Killed a two-headed ogre
  7243 | D:8      | Received a gift from Okawaru
  7244 | D:8      | Reached skill level 5 in Dodging
  7374 | D:8      | Noticed a centaur warrior
  7374 | D:8      | Noticed a black mamba
  7377 | D:8      | Killed a black mamba
  7381 | D:8      | Killed a centaur warrior
  7533 | D:8      | Killed emiel's ghost
  7533 | D:8      | Identified the +2 pair of boots of Oblivion {rElec Str+2}
                  | (Okawaru gifted it to you on level 8 of the Dungeon)
  7533 | D:8      | Received a gift from Okawaru
  7679 | D:9      | Noticed a two-headed ogre
  7684 | D:9      | Killed a two-headed ogre
  7685 | D:9      | Reached XP level 11. HP: 65/97 MP: 10/10
  8187 | D:9      | Found a snail-covered altar of Cheibriados.
  8228 | D:9      | Found a transporter.
  8233 | D:9      | Noticed cheburek's ghost (novice TrGl)
  8284 | D:9      | Found a transporter.
  8437 | D:9      | Found a hazy altar of Hepliaklqana.
  8442 | D:9      | Found an ornate altar of the Wu Jian Council.
  8866 | D:9      | Reached skill level 13 in Axes
  8868 | D:9      | Reached skill level 10 in Fighting
  8884 | D:9      | Killed cheburek's ghost
  8910 | D:9      | Identified the +9 flail "shadizar's Foe" {freeze, +Blink}
  9174 | D:10     | Entered Level 10 of the Dungeon
  9175 | D:10     | Found a portal to a secret trove of treasure.
  9618 | D:10     | Reached skill level 10 in Armour
  9758 | D:10     | Identified the +0 robe of Cheibriados's Grace {Str+4}
 10346 | D:10     | Noticed Erica
 10355 | D:10     | Killed Erica
 10591 | Lair:1   | Entered Level 1 of the Lair of Beasts
 10643 | Lair:1   | Reached ****** piety under Okawaru
 10769 | Lair:1   | Noticed a catoblepas
 10772 | Lair:1   | Noticed a four-headed hydra
 10773 | Lair:1   | Noticed a four-headed hydra
 10777 | Lair:1   | Noticed a catoblepas
 10784 | Lair:1   | HP: 2/102 [four-headed hydra (6)]
 10785 | Lair:1   | Slain by a four-headed hydra

Illustrated notes

Levels and vault maps discovered:
D:1:      matt_arrival_grand_opening, layout_basic, skrybe_limestone_x,
          nicolae_eternal_life
D:2:      minmay_inner_zag, layout_loops_ring, serial_shops, shop,
          nicolae_diamond_shop, nicolae_shop_statue_plus, basic_altar,
          minmay_misc_feat_enclosed, nicolae_concentric_dashed_squares_mild
D:3:      layout_rooms, trog_hazing_becter
D:4:      layout_layer_cave, minmay_temple_entry_drinking_statues,
          hangedman_decor_peaks_small
D:5:      layout_rooms, kennysheep_mini, gammafunk_temple_overflow_forgotten,
          serial_glass, glass_columns_c, glass_columns_a,
          kennysheep_decorative_pillar
D:6:      layout_cave_pools, uniq_edmund
D:7:      layout_loops_ring, serial_shops, nicolae_shop_behind_doors,
          uniq_prince_ribbit1
D:8:      nzn_winding_woodlands_three_and_one [nzn_winding_woodlands_5x15_cabin,
          nzn_winding_woodlands_5x15_river_crossing,
          nzn_winding_woodlands_5x15_jagged,
          nzn_winding_woodlands_center_diamonds], layout_basic,
          erik_lair_dragon, gammafunk_ghost_spectres, serial_shops,
          nicolae_inconvenience_store, chequers_jeans
D:9:      layout_stronghold, grunt_temple_overflow_open, cheibriados_altar_1,
          gammafunk_ghost_arena, hangedman_abyss_or_decor_jellyfish_corner
D:10:     layout_stronghold, serial_co_window_serial, co_window_corner_a,
          co_window_paths_a, co_window_paths_b, co_window_corner_a,
          co_window_paths_a, co_window_broadway_b, co_window_corner_b,
          co_window_cross_3, co_window_cross_3, co_window_corner_cb,
          co_window_paths_c, co_window_paths_e, co_window_4corner_a,
          enter_trove_2, moated_statue, uniq_erica
Lair:1:   layout_chaotic_city, hangedman_lair_generics_rect, lemuel_fruit_tree

Skill      XL: |  1  2  3  4  5  6  7  8  9 10 11 |
---------------+----------------------------------+-----
Fighting       | 4 5 6 8 9 11 | 11.0
Shields        | 4 5 6 7 8 |  8.9
Armour         | 4 5 7 8 9 10 | 10.3
Axes           | 3 4 5 6 7 10 11 12 13 | 13.4
Dodging        | 1 2 3 4 6 7 |  7.2
Stealth        | 1 |  1.5
Invocations    | |  0.4

Action                   |  1- 3 |  4- 6 |  7- 9 | 10-12 || total
-------------------------+-------+-------+-------+-------++-------
Melee: War axe           |    76 |   135 |   165 |   188 ||   564
       Headbutt          |    10 |    15 |    39 |    38 ||   102
Invok: Heroism           |       |       |     1 |     5 ||     6
       Finesse           |       |       |     1 |     1 ||     2
  Use: Scroll            |       |       |    15 |     9 ||    24
Armor: Scale mail        |    28 |    66 |    16 |       ||   110
       Ring mail         |       |       |    31 |    52 ||    83
Dodge: Dodged            |    26 |    59 |    61 |    64 ||   210
Block: Buckler           |    18 |    34 |    30 |    42 ||   124

Table legend: (Time is in decaauts)
 A = Elapsed time spent in this place.
 B = Non-inter-level travel time spent in this place.
 C = Inter-level travel time spent in this place.
 D = Time resting spent in this place.
 E = Time spent auto-exploring this place.
 F = Levels seen in this place.
 G = Mean time per level.
                   A        B        C        D        E       F      G
               +--------+--------+--------+--------+--------+-----+--------+
         Total |  10831 |  10513 |    318 |      0 |   8618 |  11 |  984.6 |
       Dungeon |  10639 |  10321 |    318 |      0 |   8470 |  10 | 1063.9 |
          Lair |    191 |    191 |      0 |      0 |    148 |   1 |  191.0 |
               +--------+--------+--------+--------+--------+-----+--------+

Top non-repeatable levels by time:
     D:8: 1772 daAuts
     D:9: 1618 daAuts
    D:10: 1342 daAuts
     D:4: 1144 daAuts
     D:2: 1028 daAuts
     D:7: 974 daAuts
     D:1: 846 daAuts
     D:6: 666 daAuts
     D:5: 631 daAuts
     D:3: 614 daAuts
  Lair:1: 191 daAuts
